Map: Eternal Empire LE

Players

Ratl - Winner!

  • Race: Protoss Protoss
  • League: Silver
  • Spawn Location: 7:00

VOD

Have the link to the VOD?

Description

Time

  • Played on: Feb. 5, 2020, 9:15 a.m.
  • Length: 2:32
Show
View Real Time Build Order
Export as new Build Order

Ratl Protoss - Winner!

Build Orders:  

Get SALT Encoding   

  12  0:05  Probe  
  12  0:22  Probe  
  12  0:27  Pylon  
  12  0:34  Probe  
  12  0:46  Probe  
  12  0:47  Gateway  
  12  0:58  Probe  
  12  1:11  Probe  
  12  1:15  Gateway  
  12  1:23  Probe, Assimilator  
  12  1:37  Probe  
  12  1:50  Probe  
  12  1:55  Cybernetics Core  
  12  2:02  Probe  
  12  2:10  Assimilator  
  12  2:14  Probe  
  12  2:29  Nexus  
  12  2:30  Pylon  
Tags
 
Add a new tag
Caveats
  • Supply blocks, unpowered buildings, or Contaminate may cause inaccurate times.
  • Supply counts are checked every 10 seconds.